 Dungeon Crawl Stone Soup version 0.27.1-1-g398f81649c (webtiles) character file.

Game seed: 2716066487349664353

221 TheGamechu the Sneak (level 6, 0/32 HPs)
             Began as a Kobold Enchanter on Sept 16, 2021.
             Succumbed to an adder's poison
             ... on level 3 of the Dungeon.
             The game lasted 00:08:15 (2081 turns).

TheGamechu the Sneak (Kobold Enchanter)             Turns: 2081, Time: 00:08:16

Health: 0/32       AC:  2    Str:  5    XL:     6   Next: 18%
Magic:  2/9        EV: 15    Int: 18    God:
Gold:   135        SH:  0    Dex: 16    Spells: 3/9 levels left

rFire    . . .     SeeInvis .   a - +1 dagger
rCold    . . .     Faith    .   (shield restricted)
rNeg     . . .     Spirit   .   b - +0 robe
rPois    .         Reflect  .   (no helmet)
rElec    .         Harm     .   (no cloak)
rCorr    .         Rampage  .   (no gloves)
Will     .....                  (no boots)
Stlth    ++++......             (no amulet)
HPRegen  0.10/turn              c - ring of wizardry
MPRegen  0.11/turn              (no ring)

@: mighty, lethally poisoned (0 -> -2)
A: small, no large weapons, nightstalker 3
a: no special abilities


You were on level 3 of the Dungeon.
You visited 1 branch of the dungeon, and saw 3 of its levels.

You collected 135 gold pieces.

Inventory:

Hand Weapons
 a - a +1 dagger (weapon)
Missiles
 e - 3 curare-tipped darts
Armour
 b - a +0 robe (worn)
Jewellery
 c - a ring of wizardry (left hand)
Scrolls
 g - a scroll of torment
Potions
 d - a potion of brilliance


   Skills:
 * Level 4.3 Short Blades
 + Level 3.6 Dodging
 + Level 5.6 Stealth
 - Level 2.3 Spellcasting
 + Level 4.0 Hexes


You had 3 spell levels left.
You knew the following spells:

 Your Spells              Type           Power      Damage    Failure   Level
a - Corona                Hex            17%        N/A       1%          1
b - Ensorcelled Hibernat  Hex/Ice        18%        N/A       4%          2
c - Confusing Touch       Hex            16%        N/A       4%          3

Your spell library contained the following spells:

 Spells                   Type           Power      Damage    Failure   Level
 Tukima's Dance           Hex            16%        N/A       4%          3
 Dazzling Flash           Conj/Hex       18%        N/A       9%          3
 Corpse Rot               Necr/Air       N/A        N/A       11%         2
 Poisonous Vapours        Pois/Air       4%         N/A       11%         2
 Freezing Cloud           Conj/Ice/Air   1%         6-21      86%         5


Dungeon Overview and Level Annotations

Branches:
Dungeon (3/15)

Altars:


Innate Abilities, Weirdness & Mutations

You are small and have problems with some larger weapons.
You are completely attuned to the shadows.


Message History

The adder is lightly wounded.
The adder barely misses you.
You hit the adder.
The adder is moderately wounded.
The adder closely misses you.
You barely miss the adder.
The adder is moderately wounded.
The adder bites you.
You hit the adder.
The adder is heavily wounded.
The adder bites you.
You hit the adder.
The adder is severely wounded.
The adder bites you.
You hit the adder.
The adder is almost dead.
The adder completely misses you.
You hit the adder but do no damage.
The adder is almost dead.
You hear the slow rusting of a very distant drain.
The adder bites you.
* * * LOW HITPOINT WARNING * * *
You miss the adder.
The adder is almost dead.
The adder closely misses you.
You barely miss the adder.
The adder is almost dead.
The adder bites you.
* * * LOW HITPOINT WARNING * * *
You are lethally poisoned!
The adder poisons you!
You hit the adder.
You kill the adder!
* * * LOW HITPOINT WARNING * * *
You feel sick.
* * * LOW HITPOINT WARNING * * *
You feel sick.
It was a potion of might.
You feel very mighty all of a sudden.
You die...

........$#.
###.......
#...#####.
##.### #. #..#
#. ##.### ..
###......
#######....####
#..@....##.#
#.########.# #.
.# #. #.


There were no monsters in sight!

Vanquished Creatures
  Sigmund (D:2)
  A gnoll (D:1)
  An adder (D:3)
  A worm (D:2)
  8 ball pythons
  An endoplasm (D:1)
  3 giant cockroaches (D:2)
  4 goblins
  6 hobgoblins
  2 quokkas
  3 kobolds (D:1)
  8 rats
39 creatures vanquished.

Notes
Turn   | Place    | Note
-------+----------+-------------------------------------------
     0 | D:1      | TheGamechu the Kobold Enchanter began the quest for the
                  | Orb.
     0 | D:1      | Reached XP level 1. HP: 10/10 MP: 3/3
   232 | D:1      | Reached XP level 2. HP: 15/15 MP: 5/5
   256 | D:1      | Found a faded altar of an unknown god.
   360 | D:1      | Reached XP level 3. HP: 19/19 MP: 6/6
   377 | D:1      | Learned a level 2 spell: Ensorcelled Hibernation
   381 | D:1      | Learned a level 3 spell: Confusing Touch
  1695 | D:2      | Reached XP level 4. HP: 24/24 MP: 2/7
  1805 | D:2      | Noticed Sigmund
  1809 | D:2      | Killed Sigmund
  1810 | D:2      | Reached skill level 5 in Stealth
  1810 | D:2      | Reached XP level 5. HP: 28/28 MP: 5/8
  1810 | D:2      | Reached XP level 6. HP: 32/32 MP: 5/9
  2080 | D:3      | HP: 1/32 [poisoned by an adder]
  2081 | D:3      | Succumbed to an adder's poison

Illustrated notes

Levels and vault maps discovered:
D:1:      lightli_arrival_maybe_door_vault, layout_loops_cross, serial_forest,
          infiniplex_forest_clump_cross, infiniplex_forest_pool,
          infiniplex_forest_clump_C, infiniplex_forest_lined_3_way,
          infiniplex_forest_end_1, infiniplex_forest_straight_2,
          infiniplex_forest_clump_small, infiniplex_forest_clump_medium,
          ebering_ecumenical_altar_mist
D:2:      layout_loops_ring, uniq_sigmund
D:3:      layout_rooms, portal_sewer_entry_d

Skill      XL: |  1  2  3  4 |
---------------+-------------+-----
Short Blades   | 2 4 |  4.3
Dodging        | 3 |  3.6
Stealth        | 5 |  5.6
Hexes          | 4 |  4.0
Spellcasting   | |  2.3

Action                   |  1- 3 |  4- 6 || total
-------------------------+-------+-------++-------
Melee: Dagger            |    65 |    26 ||    91
 Cast: Ensorcelled Hiber |    15 |     5 ||    20
  Use: Scroll            |       |     2 ||     2
       Potion            |       |     1 ||     1
 Stab: Sleeping          |    25 |     6 ||    31
Armor: Robe              |     6 |     3 ||     9
Dodge: Dodged            |    27 |    20 ||    47
